 Dungeon Crawl Stone Soup version 0.22-a0-525-gf69a080 (webtiles) character file.

4664 4thArraOfDagon the Gouger (level 10, -2/47 HPs)
             Began as a Felid Conjurer on June 20, 2018.
             Was an Elder of Cheibriados.
             Slain by a wolf spider zombie (16 damage)
             ... on level 12 of the Dungeon.
             The game lasted 00:31:04 (7712 turns).

4thArraOfDagon the Gouger (Felid Conjurer)          Turns: 7712, Time: 00:31:05

Health: -2/47      AC:  2    Str: 14    XL:     10   Next: 20%
Magic:  16/16      EV: 30    Int: 32    God:    Cheibriados [****..]
Gold:   589        SH:  0    Dex: 28    Spells: 9/13 levels left
                                        Lives:  0   Deaths: 3

rFire    . . .     SeeInvis +     - Unarmed
rCold    . . .     Gourm    .   (shield unavailable)
rNeg     . . .     Faith    .   (armour unavailable)
rPois    .         Spirit   .   (helmet unavailable)
rElec    .         Reflect  .   (cloak unavailable)
rCorr    .         Harm     .   (gloves unavailable)
MR       ++...                  (boots unavailable)
Stlth    ++++++....             (no amulet)
HPRegen  0.15/turn              l - +3 ring of intelligence
MPRegen  0.15/turn              i - ring of protection from magic

@: about to teleport, drained, very slow
A: very small, no armour, no weapons or thrown items, stealth, claws 1, fangs 3,
see invisible, carnivore, speed 1, shaggy fur 2, slow metabolism 1, sharp paws
a: Bend Time, Temporal Distortion, Slouch, Renounce Religion


You were on level 12 of the Dungeon.
You worshipped Cheibriados.
Cheibriados was greatly pleased with you.
You were very full.

You visited 2 branches of the dungeon, and saw 13 of its levels.

You collected 813 gold pieces.
You spent 224 gold pieces at shops.

Inventory:

Jewellery
 i - a ring of protection from magic (right paw)
 l - a +3 ring of intelligence (left paw)
 p - an uncursed ring of ice
 r - a +5 ring of intelligence
Wands
 j - a wand of digging (15)
 z - a wand of flame (21)
Scrolls
 a - 9 scrolls of identify
 c - 4 scrolls of random uselessness {unknown}
 d - 2 scrolls of fog {unknown}
 e - 3 scrolls of fear
 g - a scroll of enchant weapon {unknown}
 m - 5 scrolls of enchant armour {unknown}
 n - 4 scrolls of magic mapping
 q - a scroll of blinking {unknown}
 t - a scroll of noise {unknown}
 u - 3 scrolls of remove curse
 w - a scroll of amnesia {unknown}
 y - 2 scrolls of immolation
Potions
 h - 4 potions of flight
 k - 2 potions of brilliance
Miscellaneous
 o - a box of beasts
Comestibles
 b - 25 rations


   Skills:
 + Level 7.2(6.4) Fighting
 + Level 10.8(10.0) Dodging
 + Level 10.6(9.8) Stealth
 * Level 11.4(10.6) Unarmed Combat
 - Level 2.0(1.3) Spellcasting
 - Level 3.6(2.9) Conjurations
 + Level 7.1(6.4) Invocations


You had 9 spell levels left.
You knew the following spells:

 Your Spells              Type           Power        Failure   Level  Hunger
a - Magic Dart            Conj           ###.         2%          1    #......
b - Dazzling Spray        Conj/Hex       ##....       12%         3    ###....

Your spell library contained the following spells:

 Spells                   Type           Power        Failure   Level  Hunger
 Throw Frost              Conj/Ice       ##....       6%          2    ##.....
 Summon Small Mammal      Summ           #...         8%          1    #......
 Iskenderun's Mystic Bla  Conj           ###.....     22%         4    #####..
 Freeze                   Ice            #...         8%          1    #......
 Summon Ice Beast         Ice/Summ       #.......     58%         4    #####..
 Ozocubu's Armour         Chrm/Ice       #.......     22%         3    ###....
 Call Imp                 Summ           #.......     11%         2    ##.....
 Throw Icicle             Conj/Ice       ##......     38%         4    #####..
 Call Canine Familiar     Summ           #.......     22%         3    ###....
 Fulminant Prism          Conj/Hex       ##........   38%         4    #####..
 Force Lance              Conj/Tloc      ##......     38%         4    #####..
 Searing Ray              Conj           ###...       3%          2    ##.....
 Summon Lightning Spire   Summ/Air       #.......     58%         4    #####..
 Summon Guardian Golem    Hex/Summ       #.......     22%         3    ###....


Dungeon Overview and Level Annotations

Branches:
Dungeon (12/15)            Temple (1/1) D:7
   Lair: D:8-11         Orc: D:9-12

Altars:
Ashenzari
Cheibriados
Dithmenos
Elyvilon
Fedhas
Hepliaklqana
Kikubaaqudgha
Nemelex Xobeh
Okawaru
Qazlal
Trog
Uskayaw
Vehumet
Yredelemnul
Zin

Shops:
D:4 ?

Annotations:
D:10 3 runed doors, EvilAshe's ghost, journeyman HuFi


Innate Abilities, Weirdness & Mutations

You cannot wear armour.
You are incapable of wielding weapons or throwing items.
Your paws allow you to move quietly. (Stealth)
You have sharp claws.
You have razor-sharp teeth.
You have supernaturally acute eyesight. (SInv)
You are carnivorous and can eat meat at any time.
You cover ground quickly.
You are covered in thick fur. (AC +2)
You have a slow metabolism.
Your sharp claws are effective at attacking unaware monsters.


Message History

A freezing wraith is nearby!
A freezing wraith is nearby!
Unknown command.
Unknown command.
There is a stone staircase leading down here.
Unknown command.
You climb downwards.
The wolf spider zombie barely misses you.
The wolf spider zombie completely misses you.
The wolf spider zombie hits you.
* * * LOW HITPOINT WARNING * * *
The wolf spider zombie completely misses you.
There is a stone staircase leading up, spattered with blood here.
As you read the scroll of teleportation, it crumbles to dust.
You feel strangely unstable.
The wolf spider zombie completely misses you.
The wolf spider zombie misses you.
Unknown command.
The wolf spider zombie hits you!
You die...

#####
#...#
#..Z#
###@#
#.#
#.#
#.#
#.#
#.#
#.#
#.+


You could see a wolf spider zombie.

Vanquished Creatures
  A death knight (D:11)
  A two-headed ogre (D:10)
  The ghost of ThereIsNoGod the Cleaver, a novice DDFi of Makhleb (D:9)
  2 phantasmal warriors (D:11)
  A cyclops (D:11)
  A queen bee (D:9)
  3 hornets (D:8)
  Grinder (D:3)
  2 hippogriffs (D:10)
  A wraith (D:11)
  A shadow (D:11)
  A wyvern (D:9)
  A basilisk (D:9)
  7 yaks
  2 hungry ghosts (D:9)
  2 vampire mosquitoes (D:11)
  A soldier ant (D:8)
  2 water moccasins
  3 orc warriors
  3 ice beasts
  A sky beast (D:5)
  3 centaurs
  A phantom (D:9)
  8 ogres
  5 bullfrogs
  A wyvern skeleton (D:10)
  4 scorpions
  33 killer bees
  2 howler monkeys (D:11)
  6 wights
  2 centaur zombies
  4 crimson imps
  7 orc priests
  2 centaur skeletons
  3 hounds
  2 bullfrog skeletons
  A gnoll shaman (D:5)
  8 orc wizards
  Ijyb (D:3)
  6 worker ants
  A howler monkey zombie (D:5)
  10 gnolls
  7 adders
  3 shadow imps
  4 worms
  4 dart slugs
  2 leopard geckos
  34 orcs
  7 bats
  7 giant cockroaches
  4 hobgoblins
  4 jackals
  6 kobolds
  4 quokkas
  A ball python (D:2)
  7 frilled lizards
  5 goblins
  A leopard gecko zombie (D:7)
  A quokka zombie (D:6)
  4 rats
253 creatures vanquished.

Vanquished Creatures (others)
  14 fungi (D:11)
  7 plants (D:11)
21 creatures vanquished.

Grand Total: 274 creatures vanquished

Notes
Turn   | Place    | Note
-------+----------+-------------------------------------------
     0 | D:1      | 4thArraOfDagon the Felid Conjurer began the quest for the Orb.
     0 | D:1      | Reached XP level 1. HP: 7/7 MP: 4/4
   148 | D:2      | Reached skill level 1 in Unarmed Combat
   156 | D:2      | Found an ancient bone altar of Kikubaaqudgha.
   213 | D:2      | Reached XP level 2. HP: 8/11 MP: 0/6
   322 | D:3      | Noticed an ogre
   338 | D:3      | Found a shattered altar of Ashenzari.
   389 | D:3      | Noticed Ijyb
   400 | D:3      | Noticed Grinder
   427 | D:4      | Found Xoqoej's Magic Scroll Boutique.
   432 | D:4      | Bought a scroll of magic mapping for 49 gold pieces
   443 | D:4      | Found a white marble altar of Elyvilon.
   451 | D:4      | Reached skill level 2 in Unarmed Combat
   454 | D:4      | Noticed an ogre
   472 | D:4      | Found a radiant altar of Vehumet.
   533 | D:4      | Killed an ogre
   533 | D:4      | Reached skill level 3 in Unarmed Combat
   533 | D:4      | Reached XP level 3. HP: 13/14 MP: 2/7
   533 | D:4      | Reached XP level 4. HP: 17/18 MP: 2/8
   595 | D:4      | Found an iron altar of Okawaru.
   616 | D:4      | Found a blossoming altar of Fedhas.
   619 | D:4      | Found a stormy altar of Qazlal.
   676 | D:4      | Found a bloodstained altar of Trog.
   679 | D:4      | Noticed an ogre
   716 | D:5      | Entered Level 5 of the Dungeon
   725 | D:5      | Noticed an ogre
   748 | D:5      | Killed an ogre
   748 | D:5      | Reached skill level 4 in Unarmed Combat
   748 | D:5      | Reached XP level 5. HP: 21/21 MP: 5/9
   829 | D:5      | Reached skill level 5 in Dodging
  1011 | D:7      | Noticed an orc warrior
  1067 | D:7      | Found a staircase to the Ecumenical Temple.
  1074 | Temple   | Entered the Ecumenical Temple
  1084 | Temple   | Became a worshipper of Cheibriados the Contemplative
  1127 | D:5      | Gained mutation: You are covered in thick fur. (AC +2) [Felid growth]
  1127 | D:5      | Reached XP level 6. HP: 24/24 MP: 5/10
  1157 | D:5      | Found a glowing silver altar of Zin.
  1273 | D:4      | Reached skill level 5 in Unarmed Combat
  2068 | D:2      | Reached skill level 1 in Fighting
  2107 | D:2      | Reached skill level 1 in Invocations
  2154 | D:2      | Reached * piety under Cheibriados
  2678 | D:3      | Killed Grinder
  2678 | D:3      | Reached XP level 7. HP: 22/29 MP: 11/11
  2692 | D:3      | Killed Ijyb
  2703 | D:2      | Killed from afar by an orc wizard
  2704 | D:2      | Reached XP level 6. HP: -1/26 MP: 10/10
  2848 | D:3      | Found a hazy altar of Hepliaklqana.
  3304 | D:4      | Bought a scroll of fear for 49 gold pieces
  3304 | D:4      | Bought a scroll of remove curse for 42 gold pieces
  3304 | D:4      | Bought a scroll of identify for 28 gold pieces
  3304 | D:4      | Bought a scroll of identify for 28 gold pieces
  3304 | D:4      | Bought a scroll of identify for 28 gold pieces
  3743 | D:5      | Reached skill level 6 in Unarmed Combat
  3750 | D:5      | Reached XP level 7. HP: 30/30 MP: 11/11
  3751 | D:5      | Reached ** piety under Cheibriados
  4147 | D:5      | Reached skill level 5 in Stealth
  4447 | D:5      | Learned a level 3 spell: Dazzling Spray
  4577 | D:6      | Reached XP level 8. HP: 26/34 MP: 12/12
  4725 | D:6      | Reached skill level 7 in Unarmed Combat
  4801 | D:6      | Reached *** piety under Cheibriados
  5742 | D:8      | Reached XP level 9. HP: 17/39 MP: 13/13
  5754 | D:8      | Reached **** piety under Cheibriados
  5776 | D:8      | Reached skill level 8 in Unarmed Combat
  5949 | D:9      | Found a runed door.
  5949 | D:9      | Noticed ThereIsNoGod's ghost (novice DDFi)
  5955 | D:9      | Killed ThereIsNoGod's ghost
  5955 | D:9      | Reached skill level 5 in Fighting
  5955 | D:9      | Reached skill level 9 in Unarmed Combat
  5956 | D:9      | Reached skill level 5 in Invocations
  6028 | D:9      | Reached XP level 10. HP: 44/44 MP: 14/14
  6335 | D:9      | Reached ***** piety under Cheibriados
  6335 | D:9      | Reached skill level 10 in Unarmed Combat
  6425 | D:10     | Entered Level 10 of the Dungeon
  6440 | D:10     | Noticed a two-headed ogre
  6450 | D:10     | Noticed a cyclops
  6455 | D:10     | Killed a two-headed ogre
  6476 | D:10     | Reached skill level 10 in Dodging
  6511 | D:10     | Noticed a centaur warrior
  6511 | D:10     | Noticed EvilAshe's ghost (journeyman HuFi)
  6526 | D:10     | Reached XP level 11. HP: 18/49 MP: 5/16
  6860 | D:10     | Found a runed gate.
  6861 | D:10     | Found a runed gate.
  6865 | D:10     | Found a runed gate.
  7117 | D:11     | Reached skill level 10 in Stealth
  7289 | D:11     | Mangled by a manticore
  7290 | D:11     | Reached XP level 10. HP: -11/46 MP: 5/15
  7290 | D:11     | Found a shadowy altar of Dithmenos.
  7302 | D:11     | Noticed a death knight
  7302 | D:11     | Noticed a phantasmal warrior
  7306 | D:11     | Killed a phantasmal warrior
  7309 | D:11     | Noticed a phantasmal warrior
  7313 | D:11     | Killed a death knight
  7313 | D:11     | Reached skill level 11 in Unarmed Combat
  7317 | D:11     | HP: 2/69 [freezing wraith[a death knight] (12)]
  7318 | D:11     | Killed a phantasmal warrior
  7322 | D:11     | Slain by a wraith
  7323 | D:11     | Reached XP level 9. HP: -3/63 MP: 2/15
  7458 | D:11     | Reached XP level 10. HP: 34/47 MP: 8/16
  7469 | D:11     | Noticed a cyclops
  7476 | D:11     | Killed a cyclops
  7519 | D:12     | Noticed a red ugly thing
  7712 | D:12     | Slain by a wolf spider zombie

Vault maps used:
D:1:      zelgadis_glass_arrival_large
D:2:      kiku_gazebo_garden_becter
D:3:      old_standard_altar, nicolae_overflow_crystal_walls, first_ration,
          uniq_grinder, uniq_ijyb
D:4:      grunt_temple_overflow_forces_of_nature, elyvilon_altar_1,
          kennysheep_mini_moat, lemuel_crystal_altar, kennysheep_mini,
          serial_shops, shop
D:5:      kb_forest_paths, zin_treasury
D:7:      minmay_temple_entry_purple_smoke
D:8:      hangedman_pestilent_swarm
D:9:      minitemple, ebering_ghost_inner_flame, minmay_misc_feat_x
D:10:     minmay_blocky_corners, gammafunk_ghost_split, minmay_stone_trees_small
D:11:     grunt_lair_entry_orc_guard_hut, serial_shops, shop_fountains,
          grunt_dithmenos_smoke
D:12:     orc_0_dummy, serial_shops, shop, lemuel_blue_sif_altar
Temple:   compressed_dpeg_triangle_lava_temple

Skill      XL: |  1  2  3  4  5  6  7  8  9 10 11 |
---------------+----------------------------------+-----
Unarmed Combat | 1 3 4 6 7 9 11 | 11.4
Dodging        | 3 4 5 6 7 8 10 | 10.8
Stealth        | 4 5 6 8 9 10 | 10.6
Fighting       | 2 3 4 7 6 |  7.2
Invocations    | 2 3 4 7 6 |  7.1
Spellcasting   | |  2.0
Conjurations   | |  3.6

Action                   |  1- 3 |  4- 6 |  7- 9 | 10-12 || total
-------------------------+-------+-------+-------+-------++-------
Melee: Unarmed           |     6 |    80 |   192 |   199 ||   477
       Bite              |     1 |     3 |    17 |    34 ||    55
       Punch             |       |     5 |     5 |    16 ||    26
 Cast: Magic Dart        |    31 |   100 |   115 |    48 ||   294
       Dazzling Spray    |       |       |    10 |    33 ||    43
Invok: Slouch            |       |       |     1 |     5 ||     6
Evoke: Wand              |     1 |    20 |    27 |     3 ||    51
  Use: Scroll            |     1 |     5 |     2 |     3 ||    11
       Potion            |       |       |     2 |     8 ||    10
 Stab: Sleeping          |       |     8 |    11 |    12 ||    31
       Invisible         |       |       |     5 |     8 ||    13
  Eat: Chunk             |     3 |    14 |    11 |     9 ||    37
Armor: Skin              |     1 |    27 |    47 |    15 ||    90
Dodge: Dodged            |     7 |   119 |   186 |   260 ||   572

Table legend:
 A = Spawn XP
 B = Non-spawn XP
 C = Spawn XP percentage of total XP
 D = Spawn monster count
 E = Non-spawn monster count
 F = Spawn count percentage of total count
 G = Total turns spent on level
                    A         B        C        D         E        F      G
               +---------+---------+-------+---------+---------+-------+---------
         Total |       0 |   18317 |   0.0 |       0 |     253 |   0.0 |  7712
               +---------+---------+-------+---------+---------+-------+---------
           D:1 |       0 |      25 |   0.0 |       0 |      14 |   0.0 |   510
           D:2 |       0 |     100 |   0.0 |       0 |      20 |   0.0 |  1123
           D:3 |       0 |     503 |   0.0 |       0 |      17 |   0.0 |   518
           D:4 |       0 |     298 |   0.0 |       0 |      11 |   0.0 |   977
           D:5 |       0 |     938 |   0.0 |       0 |      31 |   0.0 |  1144
           D:6 |       0 |     432 |   0.0 |       0 |      13 |   0.0 |   596
           D:7 |       0 |     294 |   0.0 |       0 |      12 |   0.0 |   514
           D:8 |       0 |    1955 |   0.0 |       0 |      26 |   0.0 |   541
           D:9 |       0 |    4777 |   0.0 |       0 |      50 |   0.0 |   481
          D:10 |       0 |    3161 |   0.0 |       0 |      33 |   0.0 |   554
          D:11 |       0 |    5834 |   0.0 |       0 |      26 |   0.0 |   704
               +---------+---------+-------+---------+---------+-------+---------
